 Dungeon Crawl Stone Soup version 0.26.0-15-gc6cd9f700b (webtiles) character file.

Game seed: 16439955638882377994

30 garrulousMonolith the Ruffian (level 3, 0/28 HPs)
             Began as a Draconian Transmuter on Jan 17, 2021.
             Succumbed to an adder's poison
             ... on level 2 of the Dungeon.
             The game lasted 00:01:47 (799 turns).

garrulousMonolith the Ruffian (Draconian Transmuter) Turns: 799, Time: 00:01:48

Health: 0/28       AC:  6    Str: 13    XL:     3   Next: 5%
Magic:  6/6        EV: 12    Int: 13    God:
Gold:   13         SH:  0    Dex: 11    Spells: 0/6 levels left

rFire    . . .     SeeInvis .     - Unarmed
rCold    . . .     Faith    .   (no shield)
rNeg     . . .     Spirit   .   (armour unavailable)
rPois    .         Reflect  .   (helmet restricted)
rElec    .         Harm     .   (no cloak)
rCorr    .         Rampage  .   (no gloves)
Will     .....                  a - +0 pair of boots
Stlth    +.........             (no amulet)
HPRegen  0.09/turn              (no ring)
MPRegen  0.10/turn              (no ring)

@: lethally poisoned (0 -> -3), wereblooded (expiring)
A: unfitting armour, cold-blooded, AC +5
a: no special abilities


You were on level 2 of the Dungeon.
You visited 1 branch of the dungeon, and saw 2 of its levels.

You collected 13 gold pieces.

Inventory:

Hand Weapons
 d - a +0 short sword
Armour
 a - a +0 pair of boots (worn)
Scrolls
 b - a scroll of identify
 c - 3 scrolls of teleportation
 e - a scroll of enchant armour


   Skills:
 + Level 1.4 Fighting
 + Level 2.0 Dodging
 + Level 3.5 Unarmed Combat
 + Level 2.1 Spellcasting
 * Level 2.5 Transmutations
 + Level 0.0 Poison Magic


You couldn't memorise any spells.
You knew the following spells:

 Your Spells              Type           Power        Failure   Level
a - Beastly Appendage     Tmut           14%          9%          1
b - Wereblood             Tmut           7%           14%         2
c - Spider Form           Tmut/Pois      2%           41%         3

Your spell library contained the following spells:

 Spells                   Type           Power        Failure   Level
 Ice Form                 Ice/Tmut       4%           83%         4
 Blade Hands              Tmut           3%           94%         5


Dungeon Overview and Level Annotations

Branches:
Dungeon (2/15)

Altars:


Innate Abilities, Weirdness & Mutations

Your plain brown scales are hard. (AC +5)
You cannot fit into any form of body armour.
You are cold-blooded and may be slowed by cold attacks.


Message History

* * * LOW HITPOINT WARNING * * *
You feel sick.
Found 21 stones.
A frilled lizard comes into view.
* * * LOW HITPOINT WARNING * * *
You feel sick.
Found 20 poisoned darts.
Your primal bloodlust is almost over.
As you read the scroll labelled ROEF ZUIFOW, it crumbles to dust.
It is a scroll of identify.
e - a scroll of enchant armour
* * * LOW HITPOINT WARNING * * *
You feel sick.
As you read the scroll labelled SEP ZEBLIACK, it crumbles to dust.
The dust glows pale silver!
It was a scroll of random uselessness.
As you read the scroll labelled ASTEZU FASUSKE, it crumbles to dust.
The air around you briefly surges with heat, but it dissipates.
It was a scroll of immolation.
There is a lethal amount of poison in your body!
You die...

# .#. b.## ...
### #..
#####....(
#.####....(....
#...##@###....l
#....# ...
#..### . ####


There were no monsters in sight!

Vanquished Creatures
  A giant cockroach (D:1)
  6 goblins (D:1)
  5 hobgoblins (D:1)
  2 jackals (D:1)
  3 kobolds (D:1)
  4 bats (D:1)
  2 frilled lizards (D:1)
  A rat (D:1)
24 creatures vanquished.

Notes
Turn   | Place    | Note
-------+----------+-------------------------------------------
     0 | D:1      | garrulousMonolith the Draconian Transmuter began the quest
                  | for the Orb.
     0 | D:1      | Reached XP level 1. HP: 16/16 MP: 3/3
   114 | D:1      | Reached XP level 2. HP: 18/23 MP: 3/5
   305 | D:1      | Learned a level 2 spell: Wereblood
   538 | D:1      | Reached XP level 3. HP: 27/28 MP: 2/6
   542 | D:1      | Learned a level 3 spell: Spider Form
   796 | D:2      | HP: 1/28 [poisoned by an adder]
   799 | D:2      | Succumbed to an adder's poison

Illustrated notes

Levels and vault maps discovered:
D:1:      ebering_trefoil_3fold, layout_rooms, serial_forest,
          infiniplex_forest_corner_1, infiniplex_forest_straight_4,
          infiniplex_forest_clump_curved, infiniplex_forest_straight_4
D:2:      layout_rooms, kennysheep_generic_room_3

Skill      XL: |  1  2 |
---------------+-------+-----
Dodging        | 2 |  2.0
Fighting       | |  1.4
Unarmed Combat | |  3.5
Spellcasting   | |  2.1
Transmutations | |  2.5

Action                   || total
-------------------------++-------
Melee: Unarmed           ||    84
       Kick              ||     5
       Tailslap          ||     7
       Headbutt          ||     4
       Punch             ||     1
 Cast: Beastly Appendage ||     6
       Wereblood         ||     3
  Use: Scroll            ||     4
Armor: Skin              ||    33
Dodge: Dodged            ||    72
